[ PARTIDA AOE2 · #495321713 ]
UnrankedBirmanos vs Aztecs
Equipo del jugador · DERR
Equipo rival · VICT
[ ANÁLISIS DE REPETICIÓN · EXTRAÍDO DE LA PARTIDA GRABADA ]
Feudal
10:15
Castillos
—
Imperial
—
| APM promedio | 44.8 |
| APM pico | 89 |
| eAPM promedio | 17.7 |
| Aldeanos / militares | 46 / 35 |
Foco
⚔️ 35.2% · 🌾 64.8%
Archer ×18 · Militia ×15 · Spearman ×2
Feudal
11:33
Castillos
—
Imperial
—
| APM promedio | 59.9 |
| APM pico | 86 |
| eAPM promedio | 26.3 |
| Aldeanos / militares | 22 / 31 |
Foco
⚔️ 43.8% · 🌾 56.2%
Archer ×12 · Skirmisher ×10 · Militia ×6 · Eagle Scout ×3
Mapa de la partida
Recursos iniciales + cada clic de construcción. Líneas = muros · curvas = relieve. ◆ oro · ⬟ piedra · ● bayas · ✦ reliquia · ◌ hueco del cierre
Tu base· Abierta — hueco de 3t
Base de Philippvs II· Abierta — hueco de 7t
Terreno inicial suavizado · ◌ = hueco del cierre detectado · pasá el cursor para detalles
Inputs por minuto
— __24_Thorfin_Arg - - Philippvs II
Build order — __24_Thorfin_Arg
123 acciones detectadas en el replay
| 0:00 | Crear | Villager (Male) |
| 0:03 | Construir | House |
| 0:05 | Construir | House |
| 0:05 | Crear | Villager (Male) |
| 0:06 | Crear | Villager (Male) |
| 0:06 | Crear | Villager (Male) |
| 1:46 | Crear | Villager (Male) |
| 1:46 | Crear | Villager (Male) |
| 1:47 | Crear | Villager (Male) |
| 1:48 | Crear | Villager (Male) |
| 2:25 | Construir | Lumber Camp |
| 2:30 | Crear | Villager (Male) |
| 2:30 | Crear | Villager (Male) |
| 2:44 | Crear | Villager (Male) |
| 2:45 | Crear | Villager (Male) |
| 3:10 | Crear | Villager (Male) |
| 3:11 | Crear | Villager (Male) |
| 3:15 | Crear | Villager (Male) |
| 3:15 | Crear | Villager (Male) |
| 3:32 | Crear | Villager (Male) |
| 4:13 | Construir | House |
| 4:39 | Crear | Villager (Male) |
| 4:39 | Crear | Villager (Male) |
| 4:49 | Construir | House |
| 5:09 | Crear | Villager (Male) |
| 5:09 | Crear | Villager (Male) |
| 5:09 | Crear | Villager (Male) |
| 5:09 | Crear | Villager (Male) |
| 5:44 | Crear | Villager (Male) |
| 5:47 | Construir | Barracks |
| 5:56 | Crear | Villager (Male) |
| 6:35 | Investigar | Loom |
| 6:43 | Construir | House |
| 6:52 | Crear | Villager (Male) |
| 7:05 | Crear | Villager (Male) |
| 7:09 | Crear | Militia |
| 7:09 | Crear | Militia |
| 7:42 | Construir | Mining Camp |
| 8:05 | Investigar | Feudal Age |
| 8:29 | Construir | Palisade Wall |
| 8:40 | Crear | Villager (Male) |
| 8:57 | Crear | Militia |
| 10:03 | Construir | House |
| 10:15 | Edad | Edad Feudal |
| 10:19 | Investigar | Man-at-Arms (upgrade) |
| 10:24 | Crear | Villager (Male) |
| 10:35 | Crear | Militia |
| 10:41 | Crear | Villager (Male) |
| 10:49 | Construir | Palisade Wall |
| 10:52 | Construir | House |
| 10:55 | Construir | Palisade Wall |
| 10:58 | Crear | Militia |
| 10:59 | Crear | Villager (Male) |
| 11:27 | Construir | Archery Range |
| 11:30 | Crear | Militia |
| 11:31 | Crear | Militia |
| 11:53 | Construir | Mill |
| 12:03 | Crear | Militia |
| 12:14 | Crear | Archer |
| 12:35 | Crear | Militia |
| 12:36 | Crear | Archer |
| 12:55 | Crear | Archer |
| 13:06 | Crear | Archer |
| 13:07 | Crear | Spearman |
| 13:19 | Construir | Farm |
| 13:19 | Construir | Farm |
| 13:19 | Construir | Farm |
| 13:19 | Construir | Farm |
| 13:21 | Construir | Farm |
| 13:26 | Crear | Archer |
| 13:31 | Crear | Villager (Male) |
| 13:32 | Crear | Villager (Male) |
| 13:51 | Crear | Archer |
| 13:51 | Crear | Archer |
| 14:23 | Crear | Militia |
| 14:23 | Crear | Villager (Male) |
| 14:35 | Crear | Militia |
| 14:42 | Crear | Villager (Male) |
| 14:46 | Construir | Blacksmith |
| 14:53 | Construir | House |
| 14:55 | Construir | House |
| 15:07 | Crear | Militia |
| 15:30 | Crear | Villager (Male) |
| 15:32 | Construir | House |
| 15:40 | Crear | Spearman |
| 15:41 | Crear | Archer |
| 15:46 | Construir | House |
| 15:52 | Construir | Farm |
| 15:52 | Construir | Farm |
| 15:52 | Construir | Farm |
| 15:52 | Construir | Farm |
| 16:01 | Crear | Archer |
| 16:14 | Crear | Villager (Male) |
| 16:14 | Crear | Villager (Male) |
| 16:17 | Construir | Farm |
| 16:39 | Crear | Militia |
| 16:52 | Crear | Militia |
| 16:52 | Crear | Archer |
| 16:53 | Crear | Archer |
| 17:05 | Crear | Militia |
| 17:07 | Crear | Archer |
| 17:13 | Crear | Villager (Male) |
| 17:29 | Crear | Archer |
| 17:34 | Investigar | Fletching |
| 17:53 | Crear | Villager (Male) |
| 17:53 | Crear | Villager (Male) |
| 18:08 | Construir | Farm |
| 18:08 | Construir | Farm |
| 18:11 | Construir | Farm |
| 18:17 | Crear | Archer |
| 18:32 | Crear | Archer |
| 18:32 | Crear | Villager (Male) |
| 18:34 | Crear | Villager (Male) |
| 18:46 | Construir | Farm |
| 18:46 | Construir | Farm |
| 18:49 | Construir | Farm |
| 18:50 | Crear | Villager (Male) |
| 19:04 | Construir | Watch Tower |
| 19:07 | Crear | Villager (Male) |
| 19:19 | Crear | Archer |
| 19:20 | Crear | Archer |
| 19:34 | Crear | Archer |
| 19:35 | Crear | Villager (Male) |
Build order — Philippvs II
88 acciones detectadas en el replay
| 0:01 | Crear | Villager (Male) |
| 0:01 | Crear | Villager (Male) |
| 0:04 | Construir | House |
| 0:06 | Crear | Villager (Male) |
| 0:07 | Crear | Villager (Male) |
| 1:30 | Crear | Villager (Male) |
| 1:55 | Crear | Villager (Male) |
| 2:15 | Construir | Barracks |
| 2:19 | Crear | Villager (Male) |
| 2:30 | Construir | House |
| 2:37 | Investigar | Loom |
| 3:01 | Crear | Villager (Male) |
| 3:08 | Construir | House |
| 3:37 | Construir | House |
| 3:40 | Crear | Villager (Male) |
| 3:46 | Crear | Militia |
| 3:47 | Crear | Militia |
| 4:19 | Crear | Militia |
| 4:23 | Crear | Villager (Male) |
| 4:41 | Crear | Militia |
| 4:51 | Crear | Villager (Male) |
| 5:15 | Crear | Villager (Male) |
| 5:34 | Construir | Lumber Camp |
| 5:41 | Crear | Villager (Male) |
| 6:00 | Crear | Villager (Male) |
| 6:08 | Crear | Villager (Male) |
| 6:31 | Crear | Villager (Male) |
| 8:14 | Crear | Villager (Male) |
| 8:19 | Construir | House |
| 8:26 | Construir | Mining Camp |
| 8:32 | Construir | Mining Camp |
| 9:02 | Crear | Militia |
| 9:23 | Investigar | Feudal Age |
| 10:29 | Crear | Militia |
| 10:47 | Construir | House |
| 11:33 | Edad | Edad Feudal |
| 11:40 | Construir | Archery Range |
| 11:44 | Investigar | Man-at-Arms (upgrade) |
| 11:45 | Crear | Villager (Male) |
| 12:32 | Crear | Villager (Male) |
| 12:57 | Crear | Archer |
| 13:04 | Crear | Skirmisher |
| 13:05 | Crear | Skirmisher |
| 13:10 | Construir | House |
| 13:14 | Crear | Skirmisher |
| 13:23 | Crear | Eagle Scout |
| 14:19 | Construir | Archery Range |
| 14:20 | Crear | Skirmisher |
| 14:20 | Crear | Archer |
| 14:21 | Crear | Villager (Male) |
| 14:43 | Crear | Skirmisher |
| 14:46 | Crear | Villager (Male) |
| 14:49 | Crear | Eagle Scout |
| 15:03 | Crear | Archer |
| 15:07 | Construir | Mining Camp |
| 15:42 | Crear | Archer |
| 16:06 | Crear | Archer |
| 16:07 | Crear | Archer |
| 16:09 | Construir | Watch Tower |
| 16:14 | Construir | House |
| 16:19 | Crear | Skirmisher |
| 16:21 | Crear | Villager (Male) |
| 16:30 | Crear | Eagle Scout |
| 16:47 | Construir | Blacksmith |
| 16:53 | Crear | Skirmisher |
| 17:07 | Crear | Archer |
| 17:21 | Crear | Skirmisher |
| 17:36 | Crear | Skirmisher |
| 17:38 | Crear | Archer |
| 17:48 | Construir | Mill |
| 18:08 | Crear | Archer |
| 18:31 | Crear | Archer |
| 18:31 | Crear | Skirmisher |
| 18:35 | Construir | Farm |
| 18:35 | Construir | Farm |
| 18:35 | Construir | Farm |
| 18:35 | Construir | Farm |
| 18:35 | Construir | Farm |
| 18:36 | Construir | Farm |
| 18:36 | Construir | Farm |
| 18:36 | Construir | Farm |
| 18:49 | Construir | Watch Tower |
| 18:53 | Crear | Archer |
| 19:01 | Construir | Farm |
| 19:21 | Crear | Archer |
| 19:27 | Construir | House |
| 19:27 | Construir | House |
| 20:01 | Investigar | Fletching |
Cronología de la partida
| 2:15 | Philippvs II · first_building Barracks |
| 5:47 | __24_Thorfin_Arg · first_building Barracks |
| 8:29 | __24_Thorfin_Arg · wall_segment Palisade Wall x1 |
| 10:15 | __24_Thorfin_Arg · age_up feudal |
| 10:49 | __24_Thorfin_Arg · wall_segment Palisade Wall x1 |
| 10:55 | __24_Thorfin_Arg · wall_segment Palisade Wall x1 |
| 11:27 | __24_Thorfin_Arg · first_building Archery Range |
| 11:33 | Philippvs II · age_up feudal |
| 11:40 | Philippvs II · first_building Archery Range |
| 20:09 | __24_Thorfin_Arg · resign |
[ ANÁLISIS IA · 1 CRÉDITO ]
¿Qué pasó realmente en esta partida?
Wolo.gg analiza cada decisión: build order, eco, micro, errores típicos por bracket. Análisis personalizado por WhatsApp o Discord en 30 segundos.
Guía civ
Birmanos
Perfil
__24_Thorfin_Arg